 Dungeon Crawl Stone Soup version 0.31.0-9-g3a7656b989 (webtiles) character file.

Game seed: 5902032599640935656

324 Gottschkopf the Destroyer (level 6, -1/32 HPs)
             Began as a Deep Elf Conjurer on Feb 4, 2024.
             Was an Initiate of Hepliaklqana.
             Killed by nerve-wracking pain
             ... invoked by Menkaure
              (7 damage)
             ... on level 5 of the Dungeon.
             The game lasted 00:11:56 (4061 turns).

Gottschkopf the Destroyer (Deep Elf Conjurer)       Turns: 4061, Time: 00:11:56

Health: -1/32      AC:  7    Str:  4    XL:     6   Next: 23%
Magic:  12/12      EV: 17    Int: 25    God:    Hepliaklqana [......]
Gold:   228        SH:  0    Dex: 13    Spells: 2/13 levels left

rFire   . . .        d - +1 falchion (holy)
rCold   . . .        (no shield)
rNeg    . . .        a - +0 robe
rPois   .            s - +0 helmet
rElec   .            (no cloak)
rCorr   .            i - +0 pair of gloves
SInv    .            p - +2 pair of boots
Will    .....        l - amulet of the acrobat
Stlth   ++           c - +5 ring of evasion
HPRegen 0.25/turn    (no ring)
MPRegen 0.13/turn

%: acrobat
@: no status effects
A: fangs 1, low MP 1, screaming 1
a: Renounce Religion


You were on level 5 of the Dungeon.
You worshipped Hepliaklqana.
Hepliaklqana was noncommittal.
You visited 1 branch of the dungeon, and saw 6 of its levels.

You collected 228 gold pieces.

Inventory:

Hand Weapons
 d - a +1 falchion of holy wrath (weapon)
 u - a +1 flail of protection
Armour
 a - a +0 robe (worn)
 i - a +0 pair of gloves (worn)
 o - the +5 chain mail of the Kitsune {rCorr Str+4 Stlth+}
   (You found it on level 2 of the Dungeon)

   Str+4:     It affects your strength (+4).
   rCorr:     It protects you from acid and corrosion.
   Stlth+:    It makes you more stealthy.
 p - a +2 pair of boots (worn)
 s - a +0 helmet (worn)
Magical Staves
 k - a staff of air
 y - a staff of cold
Jewellery
 c - a +5 ring of evasion (left hand)
 l - an amulet of the acrobat (around neck)
Scrolls
 m - a scroll of fog
 q - a scroll of acquirement {unknown}
Potions
 b - a potion of magic
 e - 3 potions of curing
 h - 3 potions of brilliance
 j - a potion of attraction {unknown}
 n - a potion of haste {unknown}
 r - 2 potions of enlightenment {unknown}
 z - a potion of might {unknown}


   Skills:
 - Level 2.4 Dodging
 - Level 2.4 Stealth
 - Level 4.0 Spellcasting
 * Level 8.0 Conjurations


You had 2 spell levels left.
You knew the following spells:

 Your Spells              Type           Power      Damage    Failure   Level
a - Magic Dart            Conj           100%       1d8       1%          1
b - Searing Ray           Conj           90%        2d7       1%          2
c - Fulminant Prism       Conj/Alch      12%        3d8       17%         4
d - Iskenderun's Mystic   Conj/Tloc      25%        2d7       17%         4

Your spell library contained the following spells:

 Spells                   Type           Power      Damage    Failure   Level
 Freeze                   Ice            20%        1d4       9%          1
 Hailstorm                Conj/Ice       25%        3d7       5%          3
 Frozen Ramparts          Ice            10%        1d2       26%         3
 Summon Forest            Summ/Tloc      2%         N/A       94%         5
 Summon Mana Viper        Hex/Summ       5%         N/A       94%         5
 Summon Cactus Giant      Summ           2%         N/A       100%        6


Dungeon Overview and Level Annotations

Branches:
Dungeon (6/15)
 Temple: D:4-7

Altars:
Hepliaklqana
Kikubaaqudgha
Makhleb
Uskayaw
Zin

Shops:
D:2 (   D:4 (

Annotations:
D:5 Menkaure


Innate Abilities, Weirdness & Mutations

You have very sharp teeth.
Your magical capacity is low. (-10% MP)
You occasionally shout uncontrollably at your foes.


Message History

There is a stone staircase leading down here.
Casting: Magic Dart (safe; 1% risk of failure)
Confirm with . or Enter, or press ? or * to list all spells.
Aiming: Searing Ray (safe; 1% risk of failure)
Press: ? - help, Shift-Dir - straight line, f - orc
Aim: an orc, wielding a +1 falchion of holy wrath and wearing a +0 leather armour (82% to hit)
The searing ray hits the orc!
You kill the orc! (Press . to maintain the ray.)
Items here: )) [[ †.
d - a +1 falchion of holy wrath
There is a stone staircase leading down here.
You start resting.
Magic restored.
Your +1 flail of protection goes still.
Your +1 falchion of holy wrath softly glows with a divine radiance!
d - a +1 falchion of holy wrath (weapon)
You start resting.
HP restored.
You climb downwards.
Level annotation: Menkaure Menkaure hits you!
There is a stone staircase leading up, spattered with blood here.
You hit Menkaure.
Menkaure convulses.
You punch Menkaure.
Menkaure is moderately damaged.
The orc wizard mumbles some strange words.
The orc wizard flickers and vanishes!
Deactivating autopickup; reactivate with Ctrl-A.
Menkaure barely misses you.
You hit Menkaure.
Menkaure convulses.
Menkaure is heavily damaged.
Menkaure hits you!
* * * LOW HITPOINT WARNING * * *
Unknown command.
You hit Menkaure.
Menkaure convulses.
Menkaure is severely damaged.
Something hits you but does no damage. x2
Menkaure gestures at you while chanting.
Pain shoots through your body!
You die...

*,* ****,*#.### *,*
*,,,,*#...# *,* *,#######[#
>,* *,#<......##### ,,*
*,#######.....# ,,*
*,#######.###.#
,,******,#.......###.#
,,,,,,,..#.#######...#
,****,,........M@#.#.#
.##...#####...#....#.#
.S....#<#..<..#.######
..#.#.#.#.##..#.##*
#.#.#.#.......#)..******
....#.##.l.o....#,**,,,*
#...#....#.M###.#,,*,*,*
#...######....#.#,**,*,****
..gMo.lJ....#.#.*,,,,*,,,,*


You could see Menkaure.

Vanquished Creatures
  An ogre (D:4)
  A jelly (D:5)
  An iguana (D:5)
  An orc wizard (D:4)
  Robin (D:4)
  3 adders
  A shadow imp (D:5)
  3 dart slugs
  3 ribbon worms (D:2)
  10 orcs
  3 ball pythons
  7 endoplasms
  4 giant cockroaches
  13 goblins
  11 hobgoblins
  2 jackals (D:2)
  5 kobolds
  3 quokkas
  10 bats
  3 frilled lizards
  6 rats
92 creatures vanquished.

Notes
Turn   | Place    | Note
-------+----------+-------------------------------------------
     0 | D:1      | Gottschkopf the Deep Elf Conjurer began the quest for the
                  | Orb.
     0 | D:1      | Reached XP level 1. HP: 10/10 MP: 6/6
   152 | D:1      | Reached XP level 2. HP: 15/15 MP: 4/8
   158 | D:1      | Reached skill level 5 in Conjurations
   208 | D:1      | Learned a level 2 spell: Searing Ray
   751 | D:1      | Reached XP level 3. HP: 19/19 MP: 5/9
  1258 | D:2      | Found Jycvoun's Antique Weapon Emporium.
  1265 | D:2      | Identified the +5 chain mail of the Kitsune {rCorr Str+4
                  | Stlth+}
  1282 | D:2      | Found a faded altar of an unknown god.
  2006 | D:3      | Reached XP level 4. HP: 24/24 MP: 7/11
  2232 | D:3      | Found a burning altar of Makhleb.
  2234 | D:3      | Found a glowing silver altar of Zin.
  2234 | D:3      | Noticed an angel
  2234 | D:3      | Noticed a blizzard demon
  2433 | D:3      | Reached skill level 6 in Conjurations
  2667 | D:4      | Found a hazy altar of Hepliaklqana.
  2667 | D:4      | Found an ancient bone altar of Kikubaaqudgha.
  2671 | D:4      | Became a worshipper of Hepliaklqana the Forgotten
  2708 | D:4      | Noticed Robin
  2742 | D:3      | Learned a level 4 spell: Fulminant Prism
  2825 | D:3      | Learned a level 4 spell: Iskenderun's Mystic Blast
  2969 | D:4      | Noticed an ogre
  2973 | D:4      | Killed an ogre
  2974 | D:4      | Reached XP level 5. HP: 28/28 MP: 5/13
  3063 | D:4      | Reached skill level 7 in Conjurations
  3128 | D:5      | Entered Level 5 of the Dungeon
  3128 | D:5      | Noticed Menkaure
  3128 | D:5      | Found a hide-covered altar of Uskayaw.
  3385 | D:4      | Found Yriuh's Weapon Shop.
  3471 | D:4      | Killed Robin
  3472 | D:4      | Reached XP level 6. HP: 32/32 MP: 6/14
  3476 | D:4      | Gained mutation: You have very sharp teeth. [potion of
                  | mutation]
  3476 | D:4      | Gained mutation: You occasionally shout uncontrollably at
                  | your foes. [potion of mutation]
  3476 | D:4      | Gained mutation: Your magical capacity is low. (-10% MP)
                  | [potion of mutation]
  3950 | D:4      | Reached skill level 8 in Conjurations
  4061 | D:5      | Killed from afar by Menkaure

Illustrated notes

Levels and vault maps discovered:
D:1:      giann_wishing_wells, layout_rooms, minmay_tromino_v2
D:2:      layout_loops_ring, basic_ecumenical_altar, serial_shops,
          nicolae_shop_competitors_out_of_business
D:3:      layout_rooms, grunt_temple_overflow_order_and_chaos_2,
          hangedman_decor_points, chequers_serial_rivers_room_a,
          dk_noncrumbling_2
D:4:      layout_basic, chequers_temple_overflow_statue_of_worship,
          serial_shops, nicolae_shop_tiny_glass, uniq_robin
D:5:      layout_basic, eat_drink_and_be_merry_uskayaw, lemuel_crystal_altar,
          uniq_menkaure
D:6:      layout_rooms, mainiacjoe_overflow_alcove_2, trog_antimagical,
          minmay_temple_entry_hall, portal_sewer_entry_a

Skill      XL: |  1  2  3  4  5  6 |
---------------+-------------------+-----
Conjurations   | 5 6 7 8 |  8.0
Spellcasting   | 4 |  4.0
Dodging        | |  2.4
Stealth        | |  2.4

Action                     |  1- 3 |  4- 6 || total
---------------------------+-------+-------++-------
  Melee: Flail             |       |    14 ||    14
         Falchion          |       |     3 ||     3
         Punch             |       |     1 ||     1
   Cast: Magic Dart        |    98 |    84 ||   182
         Searing Ray       |     1 |     7 ||     8
    Use: Scroll            |       |    10 ||    10
         Potion            |       |     1 ||     1
 Armour: Robe              |     5 |    29 ||    34
  Dodge: Dodged            |     6 |    42 ||    48
